 Dungeon Crawl Stone Soup version 0.31.0-11-ge490571c62 (webtiles) character file.

Game seed: 18412458813249424121

28 qw the Shooter (level 2, -5/14 HPs)
             Began as a Spriggan Hunter on Feb 4, 2024.
             Killed from afar by Sigmund (9 damage)
             ... with a puff of flame
             ... on level 2 of the Dungeon.
             The game lasted 00:00:02 (951 turns).

qw the Shooter (Spriggan Hunter)                     Turns: 951, Time: 00:00:03

Health: -5/14      AC:  2    Str: 13    XL:     2   Next: 96%
Magic:  3/3        EV: 19    Int: 10    God:
Gold:   99         SH:  0    Dex: 18    Spells: 1/1 levels left

rFire   . . .        a - +0 shortbow
rCold   . . .        (shield currently unavailable)
rNeg    . . .        c - +0 robe
rPois   .            (helmet restricted)
rElec   .            (no cloak)
rCorr   .            (gloves unavailable)
SInv    +            (boots unavailable)
Will    .....        (no amulet)
Stlth   ++           i - +6 ring of strength
HPRegen 0.22/turn    (no ring)
MPRegen 0.08/turn

%: no passive effects
@: very quick
A: very small, no large weapons, unfitting armour, see invisible, speed 3
a: no special abilities


You were on level 2 of the Dungeon.
You visited 1 branch of the dungeon, and saw 2 of its levels.

You collected 99 gold pieces.


Innate Abilities, Weirdness & Mutations

You are very small and have problems with some larger weapons.
You are too small for most types of armour.
You have supernaturally acute eyesight. (SInv)
You cover ground extremely quickly. (Speed+++)


   Skills:
 - Level 1.5 Fighting
 + Level 4.4 Ranged Weapons
 - Level 4.0 Dodging
 - Level 1.5 Stealth


You had one spell level left.
You didn't know any spells.
Your spell library was empty.

Inventory:

Hand Weapons
 a - a +0 shortbow (weapon)
Armour
 c - a +0 robe (worn)
Jewellery
 i - a +6 ring of strength (left hand)
Scrolls
 b - a scroll of enchant weapon {unknown}
 e - 2 scrolls of teleportation
 g - a scroll of identify

Dungeon Overview and Level Annotations

Branches:
Dungeon (2/15)

Altars:

Annotations:
D:2 Sigmund


Message History

There is a stone staircase leading up here.
You see here 5 stones.
Sigmund the Dreaded comes into view.
He is wielding a +0 scythe of flaming.
Sigmund shouts!
You shoot an arrow. The arrow hits Sigmund!
Sigmund is moderately wounded.
Sigmund casts a spell at you.
You are confused.
Sigmund says, "Look into my eyes."
Sigmund casts a spell at you. You resist with some effort.
An endoplasm comes into view.
You feel less confused. Sigmund closely misses you.
You shoot an arrow. The endoplasm quivers.
The arrow hits Sigmund but does no damage.
Sigmund is moderately wounded.
Sigmund says, "Don't worry, I'll kill you fast."
Sigmund casts a spell at you. The magic dart hits you.
You shoot an arrow. The arrow closely misses Sigmund.
The arrow hits the endoplasm.
The endoplasm is severely wounded.
Sigmund misses you.
You shoot an arrow. The arrow hits Sigmund.
Sigmund is heavily wounded.
Sigmund misses you.
You shoot an arrow. The arrow barely misses Sigmund.
The arrow hits the endoplasm.
You kill the endoplasm!
Sigmund casts a spell at you. The magic dart hits you.
You shoot an arrow. The arrow hits Sigmund.
Sigmund is severely wounded.
Sigmund casts a spell at you. The puff of flame hits you!
Ouch! That really hurt!
You die...
Sigmund begins carving another notch in his scythe.

#.# #.# #.#
##.##
##.#.######
#.###....(#
##.#.####.#
##<## #.#
### #@# #.#
#@# #.# #.#
#.# #.# ...


You could see Sigmund.

Vanquished Creatures
  2 dart slugs (D:1)
  2 ball pythons (D:1)
  A bat (D:1)
  5 endoplasms
  2 goblins (D:1)
  2 hobgoblins (D:1)
  3 kobolds (D:1)
  A frilled lizard (D:1)
  4 rats (D:1)
22 creatures vanquished.

Notes
Turn   | Place    | Note
-------+----------+-------------------------------------------
     0 | D:1      | qw the Spriggan Hunter began the quest for the Orb.
     0 | D:1      | Reached XP level 1. HP: 10/10 MP: 2/2
     0 | D:1      | 0 ||| qw: Version: 0.3-a-160-g6735b56
     0 | D:1      | 0 ||| qw: Game counter: 5008
     0 | D:1      | 0 ||| qw: Melee chars always use a shield: true
     0 | D:1      | 0 ||| qw: God list: Okawaru
     0 | D:1      | 0 ||| qw: Allow faded altars: false
     0 | D:1      | 0 ||| qw: Do Orc after clearing Dungeon:15 true
     0 | D:1      | 0 ||| qw: Do second Lair branch before Depths: true
     0 | D:1      | 0 ||| qw: Lair rune preference: random
     0 | D:1      | 0 ||| qw: Goals: Normal
     0 | D:1      | 0 ||| PLANNING D:1-11
   102 | D:1      | Reached skill level 3 in Dodging
   230 | D:1      | Reached XP level 2. HP: 14/14 MP: 3/3
   765 | D:1      | 765 ||| UPGRADING to +6 ring of strength.
   766 | D:1      | 766 ||| READING scroll labelled TERARY COMELL.
   767 | D:1      | 767 ||| READING 3 scrolls labelled ISENOAJ IWNYGE.
   771 | D:1      | 771 ||| READING scroll labelled XIOTOU POVAEFA.
   872 | D:1      | 872 ||| READING 2 scrolls labelled CUTIPA SUBBOD.
   872 | D:1      | 872 ||| IDENTIFYING pink potion
   873 | D:1      | 873 ||| DROPPING scroll of butterflies.
   874 | D:1      | 874 ||| DROPPING potion of lignification.
   938 | D:2      | Noticed Sigmund
   951 | D:2      | Killed from afar by Sigmund

Levels and vault maps discovered:
D:1:      hellmonk_arrival_library, layout_loops_ring
D:2:      layout_loops_ring, basic_altar, roderic_lattice_a, uniq_sigmund

Skill      XL: |  1  2 |
---------------+-------+-----
Dodging        | 3 4 |  4.0
Fighting       | |  1.5
Ranged Weapons | |  4.4
Stealth        | |  1.5

Action                     || total
---------------------------++-------
   Fire: Shortbow          ||    56
    Use: Scroll            ||     4
 Armour: Robe              ||     3
  Dodge: Dodged            ||    14

Table legend:
 A = Non-vault XP
 B = Vault XP
 C = Vault XP percentage of total XP
 D = Non-vault monster count
 E = Vault monster count
 F = Vault count percentage of total count
                 A         B        C        D         E       F
            +---------+---------+-------+---------+---------+-------
      Total |      40 |       0 |   0.0 |      22 |       0 |   0.0
            +---------+---------+-------+---------+---------+-------
        D:1 |      36 |       0 |   0.0 |      20 |       0 |   0.0
        D:2 |       4 |       0 |   0.0 |       2 |       0 |   0.0
            +---------+---------+-------+---------+---------+-------
